 Dungeon Crawl Stone Soup version 0.30-a0-845-g7c6808c8ce (webtiles) character file.

Game seed: 14634482247788795648

357 qeuew the Ruffian (level 6, 0/59 HPs)
             Began as a Troll Gladiator on Mar 2, 2023.
             Slain by Grinder (8 damage)
             ... on level 4 of the Dungeon.
             The game lasted 00:03:06 (2501 turns).

qeuew the Ruffian (Troll Gladiator)                 Turns: 2501, Time: 00:03:07

Health: 0/59       AC:  5    Str: 23    XL:     6   Next: 36%
Magic:  4/4        EV: 10    Int:  4    God:
Gold:   164        SH:  0    Dex: 13    Spells: 5/5 levels left

rFire   . . .      SeeInvis .      - Unarmed
rCold   . . .      Faith    .    (no shield)
rNeg    . . .      Spirit   .    a - +0 robe
rPois   .          Reflect  .    b - +0 hat
rElec   .          Rampage  .    (no cloak)
rCorr   .                        (gloves unavailable)
Will    +....                    (boots unavailable)
Stlth   +                        (no amulet)
HPRegen 1.09/turn                i - ring of willpower
MPRegen 0.09/turn                (no ring)

@: no status effects
A: large, unfitting armour, claws 3, regeneration 1, shaggy fur 2, tough skin 1,
hooves 1, low MP 1
a: no special abilities


You were on level 4 of the Dungeon.
You visited 1 branch of the dungeon, and saw 4 of its levels.

You collected 164 gold pieces.

Inventory:

Missiles
 c - 3 throwing nets (quivered)
Armour
 a - a +0 robe (worn)
 b - a +0 hat (worn)
Jewellery
 i - a ring of willpower (left claw)
 p - a +5 ring of evasion
Wands
 o - a wand of polymorph (1)
Scrolls
 h - a scroll of enchant weapon
 r - a scroll of identify {unknown}
Potions
 e - a potion of resistance
 f - a potion of berserk rage {unknown}
 q - a potion of brilliance


   Skills:
 + Level 2.6 Fighting
 * Level 3.8 Throwing
 + Level 3.3 Dodging
 * Level 4.8 Unarmed Combat


You had 5 spell levels left.
You didn't know any spells.
Your spell library was empty.

Dungeon Overview and Level Annotations

Branches:
Dungeon (4/15)
 Temple: D:4-7

Altars:
Zin

Shops:
D:1 :

Portals:
Abyss: D:3

Annotations:
D:3 2 transporters, retardedninja's ghost, amateur GnFi
D:4 Grinder


Innate Abilities, Weirdness & Mutations

You are too large for most types of armour.
You have claws for hands.
Your natural rate of healing is unusually fast.
You are covered in thick fur. (AC +2)
You have tough skin. (AC +1)
You have large cloven feet.
Your magical capacity is low. (-10% MP)


Message History

You closely miss Grinder.
Grinder is moderately wounded.
Grinder hits you!
* * * LOW HITPOINT WARNING * * *
You writhe in agony.
* * * LOW HITPOINT WARNING * * *
You barely miss Grinder.
Grinder is moderately wounded.
You claw Grinder!
Grinder is heavily wounded.
Grinder blinks!
Grinder gestures at you. You resist with almost no effort.
Grinder gestures at you. You resist with some effort. Grinder hits you.
* * * LOW HITPOINT WARNING * * *
You writhe in agony.
* * * LOW HITPOINT WARNING * * *
You claw Grinder! Your kick misses Grinder.
Grinder is severely wounded.
Grinder hits you.
* * * LOW HITPOINT WARNING * * *
You writhe in agony.
* * * LOW HITPOINT WARNING * * *
You feel better. Grinder hits you but does no damage.
Throw: large rock
Press: ? - help, Q - select action, (/) - cycle Shift-Dir - straight line, f - Grinder
Aim: Grinder (severely wounded, 55% to hit)
You throw a large rock. The large rock hits Grinder!
Grinder is almost dead.
Grinder gestures at you. You resist with some effort. Grinder hits you.
* * * LOW HITPOINT WARNING * * *
You writhe in agony.
* * * LOW HITPOINT WARNING * * *
You scratch Grinder. Your kick misses Grinder.
Grinder is almost dead.
Grinder hits you!
You die...

######### #5.......
#@....... +........
. #........
..#+####+###........
###
#............#######
...
+..................
...
#.........#####....
... #....?...## .#.
... #########.# ###


You could see Grinder.

Vanquished Creatures
  Sigmund (D:2)
  An orc priest (D:4)
  2 orc wizards (D:3)
  3 gnolls (D:2)
  4 adders
  A dart slug (D:1)
  5 orcs
  4 endoplasms
  A giant cockroach (D:1)
  10 goblins
  3 hobgoblins
  3 jackals (D:1)
  4 ball pythons
  4 bats
  2 frilled lizards
  9 kobolds
  2 rats
59 creatures vanquished.

Notes
Turn   | Place    | Note
-------+----------+-------------------------------------------
     0 | D:1      | qeuew the Troll Gladiator began the quest for the Orb.
     0 | D:1      | Reached XP level 1. HP: 19/19 MP: 0/0
   107 | D:1      | Found a faded altar of an unknown god.
   138 | D:1      | Found Bufairap's Book Emporium.
   224 | D:1      | Reached XP level 2. HP: 28/28 MP: 1/1
  1063 | D:2      | Reached XP level 3. HP: 35/35 MP: 2/2
  1162 | D:2      | Noticed Sigmund
  1172 | D:2      | Killed Sigmund
  1173 | D:2      | Reached skill level 4 in Unarmed Combat
  1173 | D:2      | Reached XP level 4. HP: 42/42 MP: 3/3
  1173 | D:2      | Reached XP level 5. HP: 49/49 MP: 4/4
  1593 | D:3      | Reached XP level 6. HP: 57/59 MP: 5/5
  1723 | D:3      | Found a transporter.
  1763 | D:3      | Found a one-way gate to the infinite horrors of the Abyss.
  1763 | D:3      | Noticed retardedninja's ghost (amateur GnFi)
  1764 | D:3      | Found a transporter.
  1831 | D:3      | Found a glowing silver altar of Zin.
  2286 | D:3      | Gained mutation: You have large cloven feet. [potion of
                  | mutation]
  2286 | D:3      | Gained mutation: Your magical capacity is low. (-10% MP)
                  | [potion of mutation]
  2286 | D:3      | Gained mutation: You are covered in thick fur. (AC +2)
                  | [potion of mutation]
  2475 | D:4      | Noticed Grinder
  2498 | D:4      | HP: 2/59 [Grinder (6)]
  2501 | D:4      | Slain by Grinder

Illustrated notes

Levels and vault maps discovered:
D:1:      dpeg_arrival_water_temple_mockup, layout_basic,
          shapermc_ecumenical_altar_pompeii, serial_shops, nicolae_diamond_shop
D:2:      layout_loops_ring, chequers_serial_rivers_marsh,
          chequers_serial_rivers_small_a, uniq_sigmund
D:3:      layout_basic, lemuel_round_altar, gammafunk_ghost_abyssal_escape,
          kennysheep_crisscross
D:4:      layout_gridville, minmay_temple_entry_glassed_door,
          nicolae_shop_i_like_big_books, nicolae_figureground_pulse,
          uniq_duvessa, uniq_grinder, uniq_menkaure, uniq_pikel

Skill      XL: |  1  2  3 |
---------------+----------+-----
Throwing       | 2 3 |  3.8
Fighting       | 2 |  2.6
Dodging        | 3 |  3.3
Unarmed Combat | 4 |  4.8

Action                     |  1- 3 |  4- 6 || total
---------------------------+-------+-------++-------
  Melee: Unarmed           |    53 |    91 ||   144
         Kick              |       |     3 ||     3
  Throw: Large rock        |       |     1 ||     1
    Use: Potion            |     2 |     7 ||     9
         Scroll            |     1 |     4 ||     5
   Stab: Sleeping          |     1 |     1 ||     2
 Armour: Robe              |    17 |    30 ||    47
  Dodge: Dodged            |    35 |    35 ||    70

Table legend: (Time is in decaauts)
 A = Elapsed time spent in this place.
 B = Non-inter-level travel time spent in this place.
 C = Inter-level travel time spent in this place.
 D = Time resting spent in this place.
 E = Time spent auto-exploring this place.
 F = Levels seen in this place.
 G = Mean time per level.
                   A        B        C        D        E       F      G
               +--------+--------+--------+--------+--------+-----+--------+
         Total |   2472 |   2383 |     89 |     31 |   1987 |   4 |  618.0 |
       Dungeon |   2472 |   2383 |     89 |     31 |   1987 |   4 |  618.0 |
               +--------+--------+--------+--------+--------+-----+--------+

Top non-repeatable levels by time:
     D:1: 867 daAuts
     D:3: 755 daAuts
     D:2: 676 daAuts
     D:4: 174 daAuts
